 Dungeon Crawl Stone Soup version 0.30-a0-777-ga9a30cbeda (webtiles) character file.

Game seed: 15430076694460725609

711 Gmoney the Slasher (level 7, -2/62 HPs)
             Began as a Minotaur Fighter on Feb 14, 2023.
             Slain by a wraith (5 damage)
             ... on level 5 of the Dungeon.
             The game lasted 00:39:30 (6040 turns).

Gmoney the Slasher (Minotaur Fighter)               Turns: 6040, Time: 00:39:30

Health: -2/62      AC:  8    Str: 23    XL:     7   Next: 40%
Magic:  6/6        EV: 14    Int:  9    God:
Gold:   176        SH:  5    Dex:  9    Spells: 6/6 levels left

rFire   + . .      SeeInvis .    a - +1 long sword
rCold   . . .      Faith    .    h - orb {guile}
rNeg    . . .      Spirit   .    b - +1 scale mail
rPois   +          Reflect  +    (helmet restricted)
rElec   .          Harm     .    (no cloak)
rCorr   .          Rampage  .    (no gloves)
Will    .....                    (no boots)
Stlth   x                          - amulet of reflection
HPRegen 0.30/turn                f - ring "Kusiy" {rPois EV+5 Int+4}
MPRegen 0.10/turn                o - ring of protection from fire

@: mighty, about to teleport
A: horns 2, retaliatory headbutt
a: no special abilities


You were on level 5 of the Dungeon.
You visited 1 branch of the dungeon, and saw 5 of its levels.

You collected 176 gold pieces.

Inventory:

Hand Weapons
 a - a +1 long sword (weapon)
Missiles
 n - 3 throwing nets (quivered)
 v - 8 poisoned darts
Armour
 b - a +1 scale mail (worn)
 c - a +0 buckler
 h - an orb of guile (worn)
Jewellery
 f - the ring "Kusiy" (left hand) {rPois EV+5 Int+4}
   (You found it on level 1 of the Dungeon)

   [ring of evasion]

   EV:        It affects your evasion (+5).
   Int:       It affects your intelligence (+4).
   rPois:     It protects you from poison.
 o - a ring of protection from fire (right hand)
 x - an amulet of reflection (around neck)
Wands
 r - a wand of flame (13)
Scrolls
 l - 3 scrolls of fog {unknown}
 q - a scroll of brand weapon {unknown}
 s - 2 scrolls of amnesia
 t - a scroll of enchant armour
 y - a scroll of identify
Potions
 d - a potion of might
 g - 2 potions of lignification {unknown}
 i - a potion of brilliance {unknown}
 j - a potion of berserk rage {unknown}
 m - 4 potions of haste {unknown}
 p - 2 potions of mutation {unknown}
 u - 3 potions of curing {unknown}
 w - a potion of degeneration {unknown}
 z - a potion of cancellation {unknown}


   Skills:
 + Level 5.6 Fighting
 * Level 6.6 Long Blades
 + Level 5.6 Armour
 + Level 5.7 Shields


You had 6 spell levels left.
You didn't know any spells.
Your spell library was empty.

Dungeon Overview and Level Annotations

Branches:
Dungeon (5/15)
 Temple: D:4-7

Altars:
Zin

Shops:
D:1 *

Annotations:
D:1 1 transporter


Innate Abilities, Weirdness & Mutations

You have a pair of horns on your head.
You reflexively headbutt those who attack you in melee.


Message History

A puff of flame appears from out of thin air!
The puff of flame misses you.
You hear some strange, mumbled words.
A puff of flame appears from out of thin air!
The puff of flame hits you but does no damage.
You block something's attack.
You feel yourself speed up. Something hits you but does no damage.
Something completely misses you. Something hits you but does no damage.
Something hits you but does no damage.
You hear some strange, mumbled words.
You are confused.
You hear some strange, mumbled words.
Something tries to affect you, but you resist.
The wraith hits you.
* * * LOW HITPOINT WARNING * * *
The wraith attacks as you move away! The wraith hits you.
* * * LOW HITPOINT WARNING * * *
A magic dart appears from out of thin air!
The magic dart hits you but does no damage.
Something barely misses you. The wraith hits you!
* * * LOW HITPOINT WARNING * * *
Something hits you.
* * * LOW HITPOINT WARNING * * *
You are too confused!
You are too confused!
The wraith attacks as you move away! The wraith closely misses you.
You feel less confused.
A magic dart appears from out of thin air!
The magic dart hits you.
* * * LOW HITPOINT WARNING * * *
Okay, then.
Okay, then.
As you read the scroll of teleportation, it crumbles to dust.
You feel strangely unstable. You block the wraith's attack.
The wraith attacks as you move away! The wraith barely misses you.
Something hits you but does no damage. The wraith hits you.
You die...

#......#
##################......#####
...........................>#
##########......##......###.#
# #......##......# #
#......##......#
##########......##......+
##.............W##......###.
##..............@..<........#
##..............#####+#.###.#
##...........##.#### .#
##.................. .#
##...............### .#
#........)......#
#...............# .#
##...............# ..#
.'......)........#...#


You could see a wraith.

Vanquished Creatures
  An ice beast (D:5)
  A centaur (D:5)
  A scorpion (D:5)
  A necrophage (D:5)
  A howler monkey (D:5)
  3 hounds
  Jessica (D:2)
  2 iguanas
  8 adders
  3 gnolls (D:5)
  A white imp (D:5)
  4 worms
  4 dart slugs
  12 orcs
  3 ball pythons
  8 bats
  4 endoplasms
  3 giant cockroaches
  7 goblins
  6 hobgoblins
  6 kobolds
  6 quokkas
  A frilled lizard (D:2)
  A rat (D:1)
88 creatures vanquished.

Notes
Turn   | Place    | Note
-------+----------+-------------------------------------------
     0 | D:1      | Gmoney the Minotaur Fighter began the quest for the Orb.
     0 | D:1      | Reached XP level 1. HP: 19/19 MP: 0/0
   717 | D:1      | Identified the ring "Kusiy" {rPois EV+5 Int+4}
   793 | D:1      | Found Pudweari's General Store.
   913 | D:1      | Reached XP level 2. HP: 26/27 MP: 1/1
   992 | D:1      | Reached skill level 3 in Long Blades
  1647 | D:2      | Noticed Jessica
  1682 | D:2      | Killed Jessica
  1683 | D:2      | Reached XP level 3. HP: 25/33 MP: 2/2
  1835 | D:2      | Reached skill level 4 in Long Blades
  1835 | D:2      | Reached XP level 4. HP: 19/40 MP: 3/3
  3023 | D:3      | Reached XP level 5. HP: 47/47 MP: 4/4
  3587 | D:3      | Found a glowing silver altar of Zin.
  4451 | D:4      | You fall into a shaft and drop 1 floor!
  4451 | D:5      | Entered Level 5 of the Dungeon
  4770 | D:4      | Reached skill level 5 in Long Blades
  5233 | D:5      | Noticed an ice beast
  5241 | D:5      | Killed an ice beast
  5242 | D:5      | Reached skill level 5 in Fighting
  5242 | D:5      | Reached skill level 5 in Armour
  5242 | D:5      | Reached skill level 5 in Shields
  5242 | D:5      | Reached XP level 6. HP: 48/56 MP: 5/5
  5577 | D:5      | Reached skill level 6 in Long Blades
  5577 | D:5      | Reached XP level 7. HP: 31/61 MP: 6/6
  5976 | D:5      | Noticed a wraith
  6037 | D:5      | HP: 2/62 [something/magic dart (2)]
  6040 | D:5      | Slain by a wraith

Illustrated notes

Levels and vault maps discovered:
D:1:      spicycebolla_arrival_risky_transporter, layout_basic, serial_shops,
          shop, serial_rivers, chequers_serial_rivers_micro_c,
          chequers_serial_rivers_micro_b, chequers_serial_rivers_marsh,
          chequers_serial_rivers_micro_a, minivault_5
D:2:      layout_basic, uniq_jessica
D:3:      layout_loops_corners, lemuel_round_altar, kennysheep_generic_room_16
D:4:      layout_basic, minmay_misc_feat_square
D:5:      layout_basic

Skill      XL: |  1  2  3  4  5  6 |
---------------+-------------------+-----
Long Blades    | 3 4 5 6 |  6.6
Fighting       | 4 5 |  5.6
Shields        | 4 5 |  5.7
Armour         | 4 5 |  5.6

Action                     |  1- 3 |  4- 6 |  7- 9 || total
---------------------------+-------+-------+-------++-------
  Melee: Long sword        |    72 |   119 |    33 ||   224
         Headbutt          |     6 |    17 |     2 ||    25
  Evoke: Wand              |       |     4 |     1 ||     5
    Use: Scroll            |       |    10 |     3 ||    13
         Potion            |       |       |     2 ||     2
 Armour: Scale mail        |    43 |    63 |    26 ||   132
  Dodge: Dodged            |    50 |   122 |    44 ||   216
  Block: Buckler           |    23 |     3 |       ||    26
         Orb               |       |     7 |    16 ||    23
         Reflection        |       |     1 |       ||     1

Table legend: (Time is in decaauts)
 A = Elapsed time spent in this place.
 B = Non-inter-level travel time spent in this place.
 C = Inter-level travel time spent in this place.
 D = Time resting spent in this place.
 E = Time spent auto-exploring this place.
 F = Levels seen in this place.
 G = Mean time per level.
                   A        B        C        D        E       F      G
               +--------+--------+--------+--------+--------+-----+--------+
         Total |   6111 |   6087 |     24 |    990 |   2196 |   5 | 1222.2 |
       Dungeon |   6111 |   6087 |     24 |    990 |   2196 |   5 | 1222.2 |
               +--------+--------+--------+--------+--------+-----+--------+

Top non-repeatable levels by time:
     D:1: 1488 daAuts
     D:2: 1442 daAuts
     D:4: 1218 daAuts
     D:3: 1116 daAuts
     D:5: 845 daAuts
